[ AOE2 MATCH · #465921171 ]
UnrankedPersians vs Lithuanians
Player's team · WIN
[ REPLAY ANALYSIS · EXTRACTED FROM THE RECORDED GAME ]
Feudal
8:27
Castle
18:40
Imperial
31:20
| APM avg | 51.4 |
| APM peak | 85 |
| eAPM avg | 29.9 |
| Villagers / military | 161 / 266 |
Focus
⚔️ 39.3% · 🌾 60.7%
Scout Cavalry ×107 · Camel Scout ×60 · Skirmisher ×30 · Cavalry Archer ×30 · Knight ×16 · War Elephant ×9
Feudal
8:25
Castle
18:51
Imperial
34:25
| APM avg | 61.7 |
| APM peak | 110 |
| eAPM avg | 29.6 |
| Villagers / military | 185 / 292 |
Focus
⚔️ 37.0% · 🌾 63.0%
Spearman ×135 · Skirmisher ×103 · Leitis ×17 · Trebuchet (Packed) ×10 · Monk ×8 · Bombard Cannon ×6
Match map
Initial resources + every placement click. Lines = walls · curves = elevation contours. ◆ gold · ⬟ stone · ● berries · ✦ relic · ◌ wall gap
Your base· Open — 6t gap
TdB.holland89's base· Open — unwalled flank
Smoothed initial terrain · ◌ = detected wall gap · hover for details
Inputs per minute
— Orca da guerra - - TdB.holland89
Build order — Orca da guerra
First 150 of 650 actions detected
| 0:01 | Create | Villager (Male) |
| 0:02 | Build | House |
| 0:04 | Build | House |
| 0:07 | Create | Villager (Male) |
| 0:08 | Create | Villager (Male) |
| 0:17 | Create | Villager (Male) |
| 0:17 | Create | Villager (Male) |
| 1:40 | Build | Lumber Camp |
| 1:40 | Create | Villager (Male) |
| 2:06 | Create | Villager (Male) |
| 2:18 | Create | Villager (Male) |
| 2:49 | Create | Villager (Male) |
| 3:05 | Create | Villager (Male) |
| 3:43 | Build | House |
| 3:53 | Create | Villager (Male) |
| 3:54 | Create | Villager (Male) |
| 4:21 | Build | House |
| 4:36 | Create | Villager (Male) |
| 4:40 | Build | Mill |
| 5:10 | Create | Villager (Male) |
| 5:26 | Create | Villager (Male) |
| 5:57 | Research | Loom |
| 6:07 | Build | Lumber Camp |
| 6:23 | Research | Feudal Age |
| 7:31 | Create | Villager (Male) |
| 7:38 | Build | Barracks |
| 8:00 | Create | Villager (Male) |
| 8:27 | Age | Feudal Age |
| 8:34 | Build | Stable |
| 8:37 | Build | House |
| 8:42 | Build | Palisade Wall |
| 8:45 | Research | Double-Bit Axe |
| 8:52 | Build | Palisade Wall |
| 9:02 | Build | Palisade Wall |
| 9:05 | Build | House |
| 9:08 | Create | Villager (Male) |
| 9:28 | Build | Palisade Wall |
| 9:29 | Build | Palisade Wall |
| 9:32 | Build | Palisade Wall |
| 9:36 | Create | Scout Cavalry |
| 9:37 | Create | Villager (Male) |
| 9:41 | Build | Palisade Wall |
| 9:49 | Research | Horse Collar |
| 9:53 | Create | Villager (Male) |
| 9:57 | Build | Farm |
| 10:07 | Build | House |
| 10:18 | Build | House |
| 10:24 | Create | Villager (Male) |
| 10:26 | Build | Farm |
| 10:30 | Build | Farm |
| 10:40 | Build | House |
| 10:43 | Build | Palisade Wall |
| 10:50 | Build | Palisade Wall |
| 10:52 | Build | Palisade Wall |
| 10:54 | Create | Villager (Male) |
| 10:57 | Build | Farm |
| 11:06 | Build | House |
| 11:13 | Create | Villager (Male) |
| 11:16 | Build | Farm |
| 11:30 | Create | Villager (Male) |
| 11:31 | Build | Farm |
| 11:34 | Build | House |
| 11:38 | Build | Palisade Wall |
| 11:49 | Create | Villager (Male) |
| 12:05 | Build | House |
| 12:08 | Create | Villager (Male) |
| 12:10 | Build | Mining Camp |
| 12:11 | Build | Farm |
| 12:17 | Build | Farm |
| 12:30 | Build | Farm |
| 12:43 | Create | Villager (Male) |
| 12:50 | Build | Farm |
| 12:54 | Build | House |
| 13:02 | Build | Farm |
| 13:03 | Create | Villager (Male) |
| 13:14 | Build | Farm |
| 13:23 | Build | House |
| 13:28 | Create | Villager (Male) |
| 13:46 | Create | Villager (Male) |
| 13:48 | Build | Palisade Wall |
| 14:03 | Build | Blacksmith |
| 14:05 | Build | Farm |
| 14:12 | Create | Villager (Male) |
| 14:17 | Build | House |
| 14:19 | Build | Palisade Wall |
| 14:20 | Build | Palisade Wall |
| 14:22 | Build | Palisade Wall |
| 14:23 | Build | Palisade Wall |
| 14:45 | Create | Villager (Male) |
| 15:02 | Build | Palisade Wall |
| 15:08 | Create | Villager (Male) |
| 15:12 | Build | Farm |
| 15:14 | Build | Farm |
| 15:17 | Build | Farm |
| 15:33 | Create | Villager (Male) |
| 15:50 | Build | Archery Range |
| 16:15 | Research | Castle Age |
| 16:40 | Build | Archery Range |
| 18:20 | Research | Gold Mining |
| 18:21 | Research | Gold Mining |
| 18:22 | Create | Villager (Male) |
| 18:40 | Age | Castle Age |
| 18:42 | Build | Monastery |
| 18:42 | Create | Cavalry Archer |
| 18:43 | Create | Cavalry Archer |
| 18:45 | Research | Fletching |
| 18:48 | Research | Bloodlines |
| 18:53 | Build | Town Center |
| 18:57 | Create | Villager (Male) |
| 19:08 | Research | Husbandry |
| 19:08 | Create | Cavalry Archer |
| 19:15 | Research | Bow Saw |
| 19:17 | Create | Villager (Male) |
| 19:23 | Build | House |
| 19:23 | Build | House |
| 19:26 | Create | Monk |
| 19:29 | Create | Cavalry Archer |
| 19:36 | Create | Villager (Male) |
| 19:48 | Research | Husbandry |
| 20:10 | Create | Villager (Male) |
| 20:15 | Create | Cavalry Archer |
| 20:16 | Create | Villager (Male) |
| 20:26 | Create | Villager (Male) |
| 20:30 | Build | Town Center |
| 20:38 | Create | Cavalry Archer |
| 20:39 | Create | Villager (Male) |
| 20:40 | Create | Monk |
| 20:51 | Create | Villager (Male) |
| 20:52 | Create | Cavalry Archer |
| 21:00 | Build | Farm |
| 21:02 | Create | Villager (Male) |
| 21:12 | Create | Cavalry Archer |
| 21:12 | Create | Villager (Male) |
| 21:13 | Create | Villager (Male) |
| 21:16 | Build | Farm |
| 21:39 | Create | Monk |
| 21:42 | Create | Villager (Male) |
| 21:43 | Create | Villager (Male) |
| 21:44 | Create | Cavalry Archer |
| 21:47 | Build | Farm |
| 21:48 | Build | Farm |
| 21:51 | Build | Farm |
| 21:58 | Create | Villager (Male) |
| 22:01 | Build | Farm |
| 22:11 | Create | Villager (Male) |
| 22:14 | Build | Farm |
| 22:15 | Build | Farm |
| 22:19 | Create | Villager (Male) |
| 22:29 | Create | Cavalry Archer |
| 22:41 | Create | Villager (Male) |
Build order — TdB.holland89
First 150 of 588 actions detected
| 0:00 | Create | Villager (Male) |
| 0:01 | Create | Villager (Male) |
| 0:02 | Build | House |
| 0:03 | Build | House |
| 0:36 | Create | Villager (Male) |
| 0:36 | Create | Villager (Male) |
| 0:36 | Create | Villager (Male) |
| 0:36 | Create | Villager (Male) |
| 0:37 | Create | Villager (Male) |
| 1:27 | Create | Villager (Male) |
| 1:53 | Build | Lumber Camp |
| 2:09 | Create | Villager (Male) |
| 2:09 | Create | Villager (Male) |
| 2:25 | Create | Villager (Male) |
| 3:11 | Create | Villager (Male) |
| 3:50 | Build | House |
| 3:56 | Create | Villager (Male) |
| 3:56 | Create | Villager (Male) |
| 3:57 | Create | Villager (Male) |
| 3:57 | Create | Villager (Male) |
| 4:21 | Build | Mill |
| 5:20 | Create | Villager (Male) |
| 5:33 | Research | Loom |
| 6:09 | Research | Feudal Age |
| 6:35 | Create | Villager (Male) |
| 7:08 | Build | Barracks |
| 7:14 | Build | House |
| 7:22 | Build | House |
| 8:25 | Age | Feudal Age |
| 8:32 | Build | Stable |
| 8:37 | Build | House |
| 8:38 | Build | Palisade Wall |
| 8:40 | Research | Double-Bit Axe |
| 8:41 | Create | Villager (Male) |
| 9:06 | Create | Villager (Male) |
| 9:11 | Build | House |
| 9:12 | Build | Palisade Wall |
| 9:14 | Create | Spearman |
| 9:27 | Create | Scout Cavalry |
| 9:35 | Build | House |
| 9:35 | Build | Palisade Wall |
| 9:43 | Build | Palisade Wall |
| 9:44 | Create | Villager (Male) |
| 9:48 | Build | Farm |
| 9:49 | Create | Villager (Male) |
| 9:55 | Create | Scout Cavalry |
| 10:03 | Create | Spearman |
| 10:18 | Build | Farm |
| 10:24 | Create | Villager (Male) |
| 10:30 | Build | Palisade Wall |
| 10:31 | Build | House |
| 10:42 | Build | Farm |
| 10:53 | Build | Farm |
| 10:59 | Create | Villager (Male) |
| 11:02 | Create | Villager (Male) |
| 11:17 | Build | Farm |
| 11:30 | Create | Villager (Male) |
| 11:31 | Build | Farm |
| 12:00 | Build | Farm |
| 12:03 | Create | Villager (Male) |
| 12:16 | Build | Lumber Camp |
| 12:17 | Create | Villager (Male) |
| 12:29 | Create | Villager (Male) |
| 12:42 | Build | Farm |
| 12:46 | Create | Villager (Male) |
| 13:02 | Build | Farm |
| 13:30 | Build | Farm |
| 13:41 | Build | Farm |
| 13:45 | Create | Villager (Male) |
| 13:48 | Create | Villager (Male) |
| 13:57 | Create | Villager (Male) |
| 14:05 | Build | Mining Camp |
| 14:09 | Create | Villager (Male) |
| 14:48 | Create | Villager (Male) |
| 15:05 | Build | Archery Range |
| 15:46 | Build | Market |
| 16:11 | Research | Castle Age |
| 16:26 | Build | Blacksmith |
| 17:22 | Research | Fletching |
| 18:10 | Create | Villager (Male) |
| 18:15 | Research | Bloodlines |
| 18:18 | Research | Horse Collar |
| 18:19 | Research | Gold Mining |
| 18:51 | Age | Castle Age |
| 18:52 | Build | Town Center |
| 18:54 | Create | Cavalry Archer |
| 18:58 | Build | Town Center |
| 19:01 | Create | Villager (Male) |
| 19:11 | Research | Bodkin Arrow |
| 19:17 | Research | Bow Saw |
| 19:19 | Create | Villager (Male) |
| 19:25 | Create | Cavalry Archer |
| 19:26 | Create | Cavalry Archer |
| 19:52 | Create | Cavalry Archer |
| 20:09 | Create | Villager (Male) |
| 20:09 | Create | Villager (Male) |
| 20:13 | Create | Cavalry Archer |
| 20:14 | Create | Villager (Male) |
| 20:21 | Create | Villager (Male) |
| 20:21 | Create | Villager (Male) |
| 20:29 | Build | Siege Workshop |
| 20:32 | Create | Villager (Male) |
| 20:32 | Create | Villager (Male) |
| 20:35 | Build | Monastery |
| 20:37 | Create | Cavalry Archer |
| 20:44 | Build | Farm |
| 20:49 | Build | Farm |
| 20:55 | Build | Farm |
| 20:59 | Build | Farm |
| 21:12 | Build | Farm |
| 21:13 | Build | Farm |
| 21:16 | Create | Villager (Male) |
| 21:18 | Create | Scorpion |
| 21:20 | Create | Monk |
| 21:31 | Build | Farm |
| 21:32 | Create | Villager (Male) |
| 21:35 | Build | Farm |
| 21:39 | Build | Farm |
| 21:45 | Build | Farm |
| 21:46 | Create | Villager (Male) |
| 21:46 | Create | Villager (Male) |
| 21:51 | Build | Farm |
| 22:05 | Create | Monk |
| 22:08 | Create | Villager (Male) |
| 22:08 | Create | Villager (Male) |
| 22:10 | Build | Farm |
| 22:12 | Build | Farm |
| 22:16 | Build | House |
| 22:17 | Build | House |
| 22:17 | Build | House |
| 22:17 | Build | House |
| 22:18 | Build | House |
| 22:28 | Create | Villager (Male) |
| 22:28 | Create | Villager (Male) |
| 22:28 | Create | Villager (Male) |
| 22:36 | Build | Farm |
| 22:38 | Create | Villager (Male) |
| 22:39 | Create | Villager (Male) |
| 22:58 | Build | House |
| 22:59 | Build | House |
| 23:00 | Build | House |
| 23:01 | Build | House |
| 23:05 | Build | House |
| 23:06 | Build | House |
| 23:06 | Build | House |
| 23:09 | Create | Villager (Male) |
| 23:27 | Research | Bodkin Arrow |
| 23:28 | Create | Villager (Male) |
| 23:31 | Create | Villager (Male) |
| 23:31 | Create | Villager (Male) |
Match timeline
| 7:08 | TdB.holland89 · first_building Barracks |
| 7:38 | Orca da guerra · first_building Barracks |
| 8:25 | TdB.holland89 · age_up feudal |
| 8:27 | Orca da guerra · age_up feudal |
| 8:32 | TdB.holland89 · first_building Stable |
| 8:34 | Orca da guerra · first_building Stable |
| 8:38 | TdB.holland89 · wall_segment Palisade Wall x3 |
| 8:42 | Orca da guerra · wall_segment Palisade Wall x9 |
| 8:52 | Orca da guerra · wall_segment Palisade Wall x6 |
| 9:02 | Orca da guerra · wall_segment Palisade Wall x7 |
| 9:12 | TdB.holland89 · wall_segment Palisade Wall x9 |
| 9:28 | Orca da guerra · wall_segment Palisade Wall x1 |
| 9:29 | Orca da guerra · wall_segment Palisade Wall x1 |
| 9:32 | Orca da guerra · wall_segment Palisade Wall x4 |
| 9:35 | TdB.holland89 · wall_segment Palisade Wall x6 |
| 9:41 | Orca da guerra · wall_segment Palisade Wall x7 |
| 9:43 | TdB.holland89 · wall_segment Palisade Wall x4 |
| 10:30 | TdB.holland89 · wall_segment Palisade Wall x1 |
| 10:43 | Orca da guerra · wall_segment Palisade Wall x4 |
| 10:50 | Orca da guerra · wall_segment Palisade Wall x1 |
| 10:52 | Orca da guerra · wall_segment Palisade Wall x1 |
| 11:38 | Orca da guerra · wall_segment Palisade Wall x1 |
| 13:48 | Orca da guerra · wall_segment Palisade Wall x2 |
| 14:19 | Orca da guerra · wall_segment Palisade Wall x1 |
| 14:20 | Orca da guerra · wall_segment Palisade Wall x1 |
| 14:22 | Orca da guerra · wall_segment Palisade Wall x1 |
| 14:23 | Orca da guerra · wall_segment Palisade Wall x1 |
| 15:02 | Orca da guerra · wall_segment Palisade Wall x1 |
| 15:05 | TdB.holland89 · first_building Archery Range |
| 15:50 | Orca da guerra · first_building Archery Range |
| 18:40 | Orca da guerra · age_up castle |
| 18:42 | Orca da guerra · first_building Monastery |
| 18:51 | TdB.holland89 · age_up castle |
| 19:08 | TdB.holland89 · first_market_sell 100 wood |
| 19:09 | TdB.holland89 · first_market_buy 100 food |
| 20:29 | TdB.holland89 · first_building Siege Workshop |
| 20:35 | TdB.holland89 · first_building Monastery |
| 28:24 | TdB.holland89 · first_building Castle |
| 29:52 | Orca da guerra · first_market_buy 100 stone |
| 29:54 | Orca da guerra · first_building Castle |
| 31:20 | Orca da guerra · age_up imperial |
| 34:25 | TdB.holland89 · age_up imperial |
| 39:13 | Orca da guerra · first_market_sell 100 stone |
| 39:56 | Orca da guerra · first_building Siege Workshop |
| 49:52 | TdB.holland89 · resign |
[ AI ANALYSIS · 1 CREDIT ]
What really happened in this match?
Wolo.gg analyzes every decision: build order, eco, micro, common mistakes by bracket. Personalized analysis on WhatsApp or Discord in 30 seconds.
Civ guide
Persians
Perfil
Jugador #22820953